 Dungeon Crawl Stone Soup version 0.21-a0-421-gfc1ce30 (webtiles) character file.

2285 slep the Carver (level 9, -1/78 HPs)
             Began as a Hill Orc Fighter on Nov 5, 2017.
             Was an Initiate of the Shining One.
             Slain by an orc warrior
             ... wielding a +0 halberd
              (9 damage)
             ... on level 6 of the Dungeon.
             The game lasted 00:26:53 (4422 turns).

slep the Carver (Hill Orc Fighter)                  Turns: 4422, Time: 00:26:54

Health: -1/78      AC: 15    Str: 19    XL:     9   Next: 39%
Magic:  9/9        EV:  7    Int:  8    God:    the Shining One [......]
Gold:   233        SH: 10    Dex: 13    Spells: 8/8 levels left

rFire    . . .     SeeInvis +   a - +0 long sword
rCold    . . .     Gourm    .   c - +0 shield
rNeg     . . .     Faith    .   o - +2 chain mail {rPois}
rPois    +         Spirit   .   m - +1 hat
rElec    .         Reflect  .   y - +1 cloak
rCorr    .         Harm     .   (no gloves)
MR       .....                  (no boots)
Stlth    ..........             (no amulet)
HPRegen  0.23/turn              i - ring of see invisible
MPRegen  0.11/turn              (no ring)

@: glowing, drained
A: no striking features
a: Renounce Religion


You were on level 6 of the Dungeon.
You worshipped the Shining One.
The Shining One was noncommittal.
You were near starving.

You visited 1 branch of the dungeon, and saw 6 of its levels.

You collected 233 gold pieces.

Inventory:

Hand Weapons
 a - a +0 long sword (weapon)
 t - a +0 hunting sling
 C - the +0 quarterstaff of World's End {crush, Str+4}
   (You found it on level 4 of the Dungeon)

   It inflicts extra damage upon your enemies.
   It affects your strength (+4).
 D - a +2 dagger of speed
 H - a cursed +2 battleaxe of chopping
 I - a +2 hand axe
Missiles
 u - 16 sling bullets
Armour
 c - a +0 shield (worn)
 m - a +1 hat (worn)
 o - a +2 chain mail of poison resistance (worn)
 v - a +2 animal skin
 x - a +1 cloak
 y - a +1 cloak (worn)
 E - a +0 ring mail of magic resistance
Jewellery
 i - a ring of see invisible (left hand)
Wands
 d - a wand of flame (18/48)
 w - a wand of flame (15/48)
Scrolls
 e - a scroll of amnesia {unknown}
 g - a scroll of enchant armour {unknown}
 h - 3 scrolls of identify {unknown}
 p - a scroll of recharging {unknown}
 q - 3 scrolls of teleportation {unknown}
 s - 2 scrolls of remove curse {unknown}
 z - a scroll of immolation {unknown}
 G - a scroll of silence {unknown}
 K - a scroll of acquirement {unknown}
Potions
 j - 4 potions of curing
 l - a potion of flight {unknown}
 n - 2 potions of brilliance {unknown}
 r - a potion of berserk rage {unknown}
 A - a potion of haste {unknown}
 B - a potion of mutation {unknown}
 F - a potion of heal wounds {unknown}
Comestibles
 b - 4 meat rations
 f - 6 bread rations
 k - 4 royal jellies
 J - 2 fruits


   Skills:
 + Level 6.7(6.5) Fighting
 + Level 8.6(8.3) Long Blades
 + Level 6.4(6.2) Armour
 + Level 2.0(1.8) Dodging
 + Level 7.4(7.1) Shields


You had 8 spell levels left.
You didn't know any spells.

Dungeon Overview and Level Annotations

Branches:
Dungeon (6/15)
 Temple: D:4-7

Altars:
Makhleb
Sif Muna
The Shining One


Message History

The orc warrior hits you but does no damage.
You hit the orc warrior but do no damage.
The orc warrior barely misses you.
You riposte.
You slash the orc warrior!
The orc warrior is moderately wounded.
You slash the orc warrior!
The orc warrior is heavily wounded.
The orc warrior hits you with a halberd!
* * * LOW HITPOINT WARNING * * *
You hit the orc warrior but do no damage.
The orc warrior is heavily wounded.
The orc warrior hits you with a halberd.
* * * LOW HITPOINT WARNING * * *
You feel better.
Your shield and chain mail prevent you from hitting the orc warrior.
The orc warrior is heavily wounded.
The orc warrior hits you but does no damage.
You hit the orc warrior but do no damage.
The orc warrior is heavily wounded.
The orc warrior hits you with a halberd!
You die...

..................
####......######## .. #
#......# ...
####......###########..
......................
..........#####.....# .
....................##.#
.......#'#.####..o.....#
.......#.#.##...@).....#
.......#.#.##...%†......
........................
.......#.#.##.#.........
.......#.#.....#+#.#####
..... #.####### .# .....
#.. .. .... ... ... ...#
##. ...


You could see an orc warrior.

Vanquished Creatures
  An unseen horror (D:5)
  The ghost of porpoise the Cleaver, a novice HOGl (D:4)
  Sigmund (D:3)
  2 ice beasts
  An ogre (D:4)
  2 big kobolds (D:4)
  A howler monkey (D:4)
  4 wights (D:5)
  A crimson imp (D:6)
  A quasit (D:5)
  2 hounds (D:3)
  2 orc priests
  5 orc wizards
  An iguana (D:5)
  2 worker ants (D:4)
  A hound skeleton (D:4)
  A worker ant zombie (D:6)
  Robin (D:2)
  3 gnolls (D:5)
  10 adders
  A worm (D:3)
  2 dart slugs (D:4)
  3 leopard geckos
  19 orcs
  4 giant cockroaches
  15 goblins
  9 hobgoblins
  7 jackals
  15 kobolds
  2 quokkas (D:4)
  5 bats
  7 frilled lizards
  A leopard gecko zombie (D:4)
  6 rats
139 creatures vanquished.

Notes
Turn   | Place    | Note
-------+----------+-------------------------------------------
     0 | D:1      | slep the Hill Orc Fighter began the quest for the Orb.
     0 | D:1      | Reached XP level 1. HP: 19/19 MP: 1/1
   140 | D:1      | Reached XP level 2. HP: 25/27 MP: 2/2
   583 | D:2      | Reached XP level 3. HP: 33/33 MP: 3/3
   790 | D:2      | Noticed Robin
   799 | D:2      | Killed Robin
   813 | D:2      | Reached skill level 3 in Long Blades
   813 | D:2      | Reached XP level 4. HP: 25/40 MP: 4/4
  1444 | D:3      | Noticed Sigmund
  1460 | D:3      | Killed Sigmund
  1460 | D:3      | Reached skill level 4 in Long Blades
  1460 | D:3      | Reached XP level 5. HP: 11/47 MP: 5/5
  1460 | D:3      | Reached XP level 6. HP: 13/53 MP: 6/6
  1828 | D:3      | Found a burning altar of Makhleb.
  2265 | D:4      | Noticed porpoise's ghost (novice HOGl)
  2294 | D:4      | Killed porpoise's ghost
  2294 | D:4      | Reached skill level 5 in Fighting
  2294 | D:4      | Reached skill level 5 in Long Blades
  2294 | D:4      | Reached skill level 5 in Armour
  2294 | D:4      | Reached skill level 5 in Shields
  2294 | D:4      | Reached XP level 7. HP: 14/61 MP: 7/7
  2467 | D:4      | Reached skill level 1 in Dodging
  2681 | D:4      | Reached skill level 6 in Long Blades
  2720 | D:4      | Got a fine quarterstaff
  2726 | D:4      | Identified the +0 quarterstaff of World's End {crush, Str+4} (You found it on level 4 of the Dungeon)
  2754 | D:4      | Reached XP level 8. HP: 49/70 MP: 8/8
  3448 | D:5      | Entered Level 5 of the Dungeon
  3532 | D:5      | Reached skill level 7 in Long Blades
  3578 | D:5      | Found a deep blue altar of Sif Muna.
  3831 | D:5      | Found a glowing golden altar of the Shining One.
  3836 | D:5      | Became a worshipper of the Shining One
  4169 | D:5      | Noticed an unseen horror
  4195 | D:5      | Killed an unseen horror
  4195 | D:5      | Reached skill level 8 in Long Blades
  4195 | D:5      | Reached XP level 9. HP: 46/78 MP: 9/9
  4419 | D:6      | HP: 2/78 [orc warrior/halberd (5)]
  4422 | D:6      | Slain by an orc warrior

Vault maps used:
D:1:      shiori_arrival_oz
D:2:      first_bread, uniq_robin
D:3:      makhleb_heckhound_becter, uniq_sigmund
D:4:      cheibrodos_thug_alley
D:5:      kennysheep_little_box, basic_altar, minmay_small_thing
D:6:      minmay_temple_entry_large_hall

Skill      XL: |  1  2  3  4  5  6  7  8  9 |
---------------+----------------------------+-----
Fighting       | 4 5 6 |  6.7
Long Blades    | 3 4 5 6 8 |  8.6
Shields        | 4 5 7 |  7.4
Armour         | 4 5 6 |  6.4
Dodging        | 1 2 |  2.0

Action                   |  1- 3 |  4- 6 |  7- 9 || total
-------------------------+-------+-------+-------++-------
Melee: Long sword        |   128 |   163 |   344 ||   635
  Use: Potion            |       |     2 |     2 ||     4
  Eat: Chunk             |       |     5 |     5 ||    10
       Fruit             |       |       |     1 ||     1
Armor: Scale mail        |    37 |       |       ||    37
       Chain mail        |    31 |    81 |   206 ||   318
Dodge: Dodged            |    33 |    33 |    96 ||   162
Block: Shield            |    58 |    79 |   196 ||   333
       Rpst.: Long sword |    13 |    10 |    22 ||    45

Table legend:
 A = Spawn XP
 B = Non-spawn XP
 C = Spawn XP percentage of total XP
 D = Spawn monster count
 E = Non-spawn monster count
 F = Spawn count percentage of total count
 G = Total turns spent on level
                    A         B        C        D         E        F      G
               +---------+---------+-------+---------+---------+-------+---------
         Total |       0 |    3265 |   0.0 |       0 |     139 |   0.0 |  4422
               +---------+---------+-------+---------+---------+-------+---------
           D:1 |       0 |      31 |   0.0 |       0 |      21 |   0.0 |   556
           D:2 |       0 |      75 |   0.0 |       0 |      21 |   0.0 |   857
           D:3 |       0 |     441 |   0.0 |       0 |      28 |   0.0 |   852
           D:4 |       0 |    1129 |   0.0 |       0 |      40 |   0.0 |  1183
           D:5 |       0 |    1333 |   0.0 |       0 |      17 |   0.0 |   861
           D:6 |       0 |     256 |   0.0 |       0 |      12 |   0.0 |   113
               +---------+---------+-------+---------+---------+-------+---------
